 Dungeon Crawl Stone Soup version 0.19.1 (webtiles) character file.

70 galech the Covered (level 4, 0/35 HPs)
             Began as a Human Fighter on Dec 5, 2016.
             Succumbed to an adder's poison
             ... on level 1 of the Dungeon.
             The game lasted 00:05:58 (1014 turns).

galech the Covered (Human Fighter)                  Turns: 1014, Time: 00:05:59

Health: 0/35       AC:  8    Str: 18    XL:     4   Next: 45%
Magic:  4/4        EV:  7    Int:  8    God:
Gold:   96         SH:  9    Dex: 17    Spells: 0 memorised, 3 levels left

rFire  . . .     SeeInvis .     a - +0 war axe
rCold  . . .     Gourm    .     b - +0 scale mail
rNeg   . . .     Faith    .     c - +0 shield
rPois  .         Spirit   .     (no helmet)
rElec  .         Reflect  .     (no cloak)
rCorr  .         Harm     .     m - +0 pair of gloves
MR     .....                    (no boots)
Stlth  ..........               (no amulet)
                                (no ring)
                                o - +5 ring of dexterity

@: lethally poisoned (0 -> -1)
A: no striking features
a: no special abilities


You were on level 1 of the Dungeon.
You were not hungry.

You visited 1 branch of the dungeon, and saw 2 of its levels.

You collected 96 gold pieces.

Inventory:

Hand Weapons
 a - a +0 war axe (weapon)
Missiles
 t - 6 tomahawks of dispersal (quivered)
Armour
 b - a +0 scale mail (worn)
 c - a +0 shield (worn)
 m - a +0 pair of gloves (worn)
Jewellery
 o - a +5 ring of dexterity (left hand)
Scrolls
 e - a scroll of magic mapping {unknown}
 h - 2 scrolls of noise {unknown}
 i - a scroll of fog {unknown}
 p - a scroll of recharging {unknown}
 r - a scroll of enchant armour {unknown}
 s - a scroll of identify {unknown}
 u - a scroll of immolation {unknown}
 v - a scroll of random uselessness {unknown}
Potions
 d - a potion of might
 j - 2 potions of mutation {unknown}
 l - a potion of degeneration {unknown}
 q - 2 potions of heal wounds {unknown}
Comestibles
 f - a bread ration
 g - 2 fruits
 k - 7 chunks of flesh
 n - a meat ration


   Skills:
 + Level 3.4 Fighting
 + Level 3.0 Axes
 + Level 3.5 Armour
 + Level 0.2 Stealth
 + Level 3.4 Shields


You had 3 spell levels left.
You didn't know any spells.

Dungeon Overview and Level Annotations

Branches:
Dungeon (2/15)

Altars:
Yredelemnul


Message History

* * * LOW HITPOINT WARNING * * *
You feel sick. You block the adder's attack.
Things that are here:
a dagger; a club
* * * LOW HITPOINT WARNING * * *
You feel sick. The adder barely misses you.
You see here a dagger.
You block the adder's attack.
You hit the adder but do no damage.
The adder is lightly wounded.
* * * LOW HITPOINT WARNING * * *
You feel sick. The adder barely misses you. The adder bites you.
* * * LOW HITPOINT WARNING * * *
You slash the adder!
You kill the adder!
You closely miss the goblin. The goblin hits you but does no damage.
You block the goblin's attack.
You slash the goblin!
You kill the goblin!
You die...

########## ##### ........>##
#...######### ........†.##
#...........## ####.......##
#...######...##
............######.#.#####.....##
#...........)..)@.###...........>
..#.........######.#.#####.....##
####.......## #.## ##...##
#.......## #.# ##.##
#.......#########.# #.# #
#.................# #.#
###...........##.#### #.#
..#.......###.##.# ###.####
#.##..#.#.# #.##.# #.......


There were no monsters in sight!

Vanquished Creatures
  4 adders
  An ooze (D:2)
  A giant cockroach (D:1)
  3 goblins (D:1)
  2 hobgoblins
  4 jackals (D:1)
  2 kobolds (D:1)
  A quokka (D:1)
  A ball python (D:1)
  4 bats
  2 frilled lizards
  6 rats
31 creatures vanquished.

Notes
Turn   | Place    | Note
-------+----------+-------------------------------------------
     0 | D:1      | galech the Human Fighter began the quest for the Orb.
     0 | D:1      | Reached XP level 1. HP: 18/18 MP: 1/1
   257 | D:1      | Reached XP level 2. HP: 22/24 MP: 2/2
   540 | D:1      | Reached XP level 3. HP: 13/29 MP: 3/3
   851 | D:2      | Found a basalt altar of Yredelemnul.
   941 | D:2      | Reached XP level 4. HP: 35/35 MP: 4/4
  1011 | D:1      | HP: 1/35 [adder (1)]
  1014 | D:1      | Succumbed to an adder's poison

Skill      XL: |  1  2  3  4 |
---------------+-------------+-----
Axes           | 3 |  3.0
Fighting       | |  3.4
Armour         | |  3.5
Stealth        | |  0.2
Shields        | |  3.4

Action                   |  1- 3 |  4- 6 || total
-------------------------+-------+-------++-------
Melee: War axe           |    49 |    12 ||    61
Armor: Scale mail        |    45 |    14 ||    59
Dodge: Dodged            |    21 |    15 ||    36
Block: Shield            |    57 |    20 ||    77
